 Dungeon Crawl Stone Soup version 0.22.0-75-g3901e79 (webtiles) character file.

4536 Folque the Destroyer (level 10, -15/63 HPs)
             Began as an Octopode Wizard on Sept 12, 2018.
             Was a Priest of Sif Muna.
             Demolished by a purple ugly thing (20 damage)
             ... on level 7 of the Dungeon.
             The game lasted 01:05:13 (9052 turns).

Folque the Destroyer (Octopode Wizard)              Turns: 9052, Time: 01:05:14

Health: -15/63     AC:  2    Str:  6    XL:     10   Next: 40%
Magic:  16/19      EV: 14    Int: 25    God:    Sif Muna [***...]
Gold:   539        SH:  0    Dex: 10    Spells: 0/21 levels left

rFire    . . .     SeeInvis .   n - +3 quarterstaff (chaos)
rCold    + . .     Gourm    .   (shield currently unavailable)
rNeg     . . .     Faith    .   a - +1 hat
rPois    .         Spirit   .   A - amulet of magic regeneration
rElec    .         Reflect  .   C - ring of protection from magic
rCorr    .         Harm     .   w - ring of protection from cold
MR       +....                  (no ring)
Stlth    ++++......             (no ring)
HPRegen  0.20/turn              (no ring)
MPRegen  0.41/turn              (no ring)
                                (no ring)
                                (no ring)

@: no status effects
A: almost no armour, stealthy swim, amphibious, 8 rings, constrict 8, camouflage
1, gelatinous body 1
a: Divine Energy, Channel Magic, Renounce Religion


You were on level 7 of the Dungeon.
You worshipped Sif Muna.
Sif Muna was most pleased with you.
You were very hungry.

You visited 2 branches of the dungeon, and saw 8 of its levels.

You collected 539 gold pieces.

Inventory:

Hand Weapons
 d - a +0 whip
 j - a +0 short sword
 n - a +3 quarterstaff of chaos (weapon)
 r - a +0 rapier
 x - a +0 hunting sling
 I - a +1 scimitar of draining
Missiles
 h - 31 poisoned needles
Armour
 a - a +1 hat (worn)
Magical Staves
 u - an uncursed staff of wizardry
Jewellery
 w - a ring of protection from cold (right tentacle)
 A - an amulet of magic regeneration (around mantle)
 C - a ring of protection from magic (left tentacle)
 N - an uncursed ring of ice
Wands
 k - a wand of polymorph (16)
 G - a wand of iceblast (12)
 J - a wand of paralysis (15)
Scrolls
 b - a scroll of identify
 e - 2 scrolls of amnesia
 f - 3 scrolls of teleportation
 i - a scroll of enchant armour
 o - 2 scrolls of immolation
 y - a scroll of enchant weapon {unknown}
 z - a scroll of random uselessness
 B - 4 scrolls of remove curse
 D - a scroll of fear {unknown}
 K - 3 scrolls of fog {unknown}
Potions
 g - a potion of degeneration
 l - 2 potions of mutation
 p - a potion of might
 s - a potion of agility
 E - a potion of magic
 H - a potion of brilliance {unknown}
 L - a potion of ambrosia {unknown}
 M - 2 potions of lignification {unknown}
Comestibles
 c - 9 rations


   Skills:
 - Level 4.1 Fighting
 - Level 1.0 Staves
 + Level 4.3 Dodging
 - Level 6.0 Stealth
 - Level 6.1 Spellcasting
 - Level 8.0 Conjurations
 - Level 2.1 Charms
 - Level 1.0 Summonings
 - Level 1.3 Necromancy
 - Level 2.3 Translocations
 - Level 4.0 Fire Magic
 - Level 1.0 Air Magic
 - Level 2.0 Poison Magic
 * Level 6.2 Invocations


You couldn't memorise any spells.
You knew the following spells:

 Your Spells              Type           Power        Failure   Level  Hunger
a - Magic Dart            Conj           ####         1%          1    None
b - Call Imp              Summ           ##......     8%          2    None
c - Blink                 Tloc           N/A          4%          2    None
d - Mephitic Cloud        Conj/Pois/Air  ####....     4%          3    None
e - Conjure Flame         Conj/Fire      #####...     1%          3    None
f - Fireball              Conj/Fire      #####.....   17%         5    #####..
g - Regeneration          Chrm/Necr      ###.......   11%         3    None
h - Shroud of Golubria    Chrm/Tloc      ###.......   4%          2    None

Your spell library contained the following spells:

 Spells                   Type           Power        Failure   Level  Hunger
 Flame Tongue             Conj/Fire      #####        1%          1    None
 Throw Flame              Conj/Fire      #####.       1%          2    None
 Infusion                 Chrm           ###.         3%          1    None
 Song of Slaying          Chrm           ###.....     4%          2    None
 Sticky Flame             Conj/Fire      #####...     6%          4    ###....
 Confusing Touch          Hex            #.....       8%          1    None
 Gell's Gravitas          Tloc           ###.......   9%          3    None
 Inner Flame              Hex/Fire       ###.....     10%         3    None
 Slow                     Hex            #.......     11%         2    None
 Spectral Weapon          Hex/Chrm       ##......     14%         3    None
 Confuse                  Hex            #.......     22%         3    None
 Petrify                  Tmut/Erth      #.......     58%         4    ###....
 Metabolic Englaciation   Hex/Ice        #.........   90%         5    #####..
 Yara's Violent Unravell  Hex/Tmut       #.........   90%         5    #####..


Dungeon Overview and Level Annotations

Branches:
Dungeon (7/15)             Temple (1/1) D:5

Altars:
Ashenzari
Cheibriados
Dithmenos
Elyvilon
Fedhas
Gozag
Hepliaklqana
Kikubaaqudgha
Makhleb
Nemelex Xobeh
Okawaru
Qazlal
Ru
Sif Muna
Trog
Uskayaw
Vehumet
Wu Jian
Xom
Yredelemnul
Zin
The Shining One

Shops:
D:3 *   D:6 %

Annotations:
D:6 1 runed door, daodarkstar's ghost, novice DsFi
D:7 1 runed door, Ymberto's ghost, novice HuHu


Innate Abilities, Weirdness & Mutations

You cannot wear most types of armour.
You are very stealthy in the water. (Stealth+)
You are amphibious.
You can wear up to eight rings at the same time.
You can use your tentacles to constrict eight enemies at once.
Your skin changes colour to match your surroundings (Stealth+).
Your rubbery body absorbs attacks. (AC +1, EV +1)


Message History

The purple ugly thing engulfs you!
* * * LOW HITPOINT WARNING * * *
You're too confused!
You're too confused!
You barely miss the purple ugly thing. The purple ugly thing headbutts you.
* * * LOW HITPOINT WARNING * * *
The purple ugly thing completely misses you.
You're too confused to move!
The purple ugly thing barely misses you. x2
You miss the purple ugly thing.
The purple ugly thing closely misses you.
The purple ugly thing engulfs you.
* * * LOW HITPOINT WARNING * * *
The purple ugly thing completely misses you.
Unknown command.
Your magical effects are unravelling.
You feel magically purged.
You feel less confused. The purple ugly thing engulfs you!!
You die...

# } #.(...#..## ##.....#####
##...# #.....#...###...##.....§
...# #..#..#....#....##.....§
##o..# #..y..#......#.........§ #
: #...).#..#...#..##...... #
###.###.........##.....# .
#####.y##...........##### #
##..####u##...##..####
########.##..###@##.>##..#
#.....#.#####.##u##......##
#.###.#.##..#.#.###.......#
.)###..##.##)##.###..##.#.# ##
#.)##.###.#.#..##.#.....#.# #.
##....##.##.#####.#....##.######.
########.###..##)##..#...(.......
.......##.####..##...####.#######
.#####..##..#####.........#


You could see 2 ugly things and a hornet.

Vanquished Creatures
  A two-headed ogre (D:7)
  Grinder (D:4)
  A hornet (D:7)
  Prince Ribbit (D:6)
  A hippogriff (D:7)
  An acid dragon (D:7)
  2 orc warriors
  2 black bears (D:7)
  A necrophage (D:7)
  3 ogres (D:7)
  2 phantoms
  2 centaurs (D:7)
  2 bullfrogs
  A scorpion (D:5)
  7 wights
  A vampire bat (D:5)
  4 howler monkeys
  2 hounds
  A bullfrog zombie (D:5)
  A jelly (D:7)
  5 orc priests
  Crazy Yiuf (D:2)
  A bullfrog skeleton (D:6)
  Jessica (D:2)
  4 iguanas
  6 orc wizards
  7 worker ants
  A hound zombie (D:7)
  A hound skeleton (D:7)
  4 gnolls
  11 adders
  2 shadow imps
  A worker ant simulacrum (D:7)
  2 oozes
  3 worms (D:4)
  A dart slug (D:3)
  8 leopard geckos
  26 orcs
  A ball python (D:1)
  8 giant cockroaches
  10 goblins
  7 hobgoblins
  7 jackals
  4 quokkas
  9 bats
  5 frilled lizards
  A jackal skeleton (D:6)
  6 kobolds
  A leopard gecko skeleton (D:7)
  A quokka zombie (D:5)
  7 rats
  2 fungi (D:2)
191 creatures vanquished.

Vanquished Creatures (collateral kills)
  A bullfrog (D:7)
  2 crimson imps (D:6)
  2 hounds
  Terence (D:2)
  A worker ant (D:3)
  4 orc wizards
  An adder (D:4)
  4 gnolls (D:3)
  3 worms
  3 orcs
  A ball python (D:2)
  3 goblins (D:3)
  2 hobgoblins (D:3)
  3 jackals (D:7)
  A quokka (D:3)
  3 bats (D:5)
  2 rats
37 creatures vanquished.

Vanquished Creatures (others)
  7 plants (D:6)
7 creatures vanquished.

Grand Total: 235 creatures vanquished

Notes
Turn   | Place    | Note
-------+----------+-------------------------------------------
     0 | D:1      | Folque the Octopode Wizard began the quest for the Orb.
     0 | D:1      | Reached XP level 1. HP: 11/11 MP: 4/4
   321 | D:1      | Reached skill level 1 in Fighting
   321 | D:1      | Reached XP level 2. HP: 13/18 MP: 6/6
   910 | D:1      | Learned a level 2 spell: Call Imp
   913 | D:1      | Learned a level 2 spell: Blink
  1031 | D:2      | Noticed Jessica
  1043 | D:2      | Killed Jessica
  1043 | D:2      | Reached XP level 3. HP: 22/24 MP: 2/7
  1561 | D:2      | Noticed Terence
  1620 | D:2      | Reached XP level 4. HP: 25/29 MP: 2/9
  1646 | D:2      | Killed Terence
  1657 | D:2      | Learned a level 3 spell: Mephitic Cloud
  2118 | D:2      | Found a runed door.
  2122 | D:2      | Noticed Crazy Yiuf
  2134 | D:2      | Killed Crazy Yiuf
  2134 | D:2      | Reached skill level 2 in Conjurations
  2134 | D:2      | Reached XP level 5. HP: 34/34 MP: 7/11
  2139 | D:2      | Learned a level 3 spell: Conjure Flame
  2184 | D:3      | Reached skill level 1 in Poison Magic
  2556 | D:3      | Reached XP level 6. HP: 27/39 MP: 3/12
  2571 | D:3      | Reached skill level 1 in Air Magic
  2678 | D:3      | Reached skill level 3 in Conjurations
  3310 | D:3      | Found an opulent altar of Gozag.
  3312 | D:3      | Found Gozag's Platinum Reserve.
  3634 | D:4      | Reached skill level 1 in Fire Magic
  3648 | D:4      | Reached skill level 5 in Stealth
  3747 | D:4      | Reached XP level 7. HP: 40/45 MP: 13/13
  3909 | D:4      | Reached skill level 4 in Conjurations
  3946 | D:4      | Noticed Grinder
  3970 | D:4      | Killed Grinder
  4625 | D:5      | Entered Level 5 of the Dungeon
  4662 | D:5      | Reached XP level 8. HP: 19/54 MP: 6/14
  4663 | D:5      | Reached skill level 5 in Conjurations
  5189 | D:5      | Found a staircase to the Ecumenical Temple.
  5197 | Temple   | Entered the Ecumenical Temple
  5309 | Temple   | Became a worshipper of Sif Muna the Loreminder
  5838 | D:6      | Noticed Prince Ribbit
  5848 | D:6      | Killed Prince Ribbit
  6092 | D:6      | Found Kinloish's Food Boutique.
  6122 | D:5      | Reached skill level 6 in Conjurations
  6288 | D:6      | Reached skill level 1 in Invocations
  6292 | D:6      | Reached skill level 1 in Staves
  6637 | D:7      | Found a runed door.
  6638 | D:7      | Noticed Ymberto's ghost (novice HuHu)
  6638 | D:7      | Noticed a hippogriff
  6670 | D:7      | Reached * piety under Sif Muna
  6670 | D:7      | Reached XP level 9. HP: 58/58 MP: 13/16
  6721 | D:7      | Reached skill level 5 in Spellcasting
  6728 | D:7      | Learned a level 5 spell: Fireball
  7092 | D:6      | Found a runed door.
  7097 | D:6      | Noticed daodarkstar's ghost (novice DsFi)
  7560 | D:7      | Found a shadowy altar of Dithmenos.
  7567 | D:7      | Reached ** piety under Sif Muna
  7578 | D:7      | Reached skill level 7 in Conjurations
  8044 | D:7      | Reached skill level 8 in Conjurations
  8180 | D:7      | Reached skill level 5 in Invocations
  8180 | D:7      | Reached XP level 10. HP: 26/63 MP: 2/18
  8185 | D:7      | Learned a level 3 spell: Regeneration
  8394 | D:7      | Reached skill level 1 in Necromancy
  8509 | D:7      | Noticed a two-headed ogre
  8514 | D:7      | Killed a two-headed ogre
  8568 | D:7      | Reached *** piety under Sif Muna
  8600 | D:7      | Learned a level 2 spell: Shroud of Golubria
  8894 | D:7      | Noticed a brown ugly thing
  8894 | D:7      | Noticed a purple ugly thing
  9052 | D:7      | Demolished by a purple ugly thing

Skill      XL: |  1  2  3  4  5  6  7  8  9 10 |
---------------+-------------------------------+-----
Fighting       | 1 2 3 4 |  4.1
Spellcasting   | 4 5 6 |  6.1
Conjurations   | 2 3 4 6 8 |  8.0
Poison Magic   | 2 |  2.0
Stealth        | 3 5 6 |  6.0
Air Magic      | 1 |  1.0
Fire Magic     | 1 4 |  4.0
Dodging        | 4 |  4.3
Translocations | 2 |  2.3
Invocations    | 2 5 6 |  6.2
Staves         | 1 |  1.0
Necromancy     | 1 |  1.3
Charms         | 2 |  2.1
Summonings     | |  1.0

Action                   |  1- 3 |  4- 6 |  7- 9 | 10-12 || total
-------------------------+-------+-------+-------+-------++-------
Melee: Whip              |    10 |       |       |       ||    10
       Short sword       |    35 |       |       |       ||    35
       Constrict         |    14 |    32 |    41 |     2 ||    89
       Tentacles         |     4 |    16 |    18 |     2 ||    40
       Rapier            |    12 |    43 |       |       ||    55
       Quarterstaff      |       |    95 |   129 |     4 ||   228
       Staff             |       |     4 |    25 |     1 ||    30
Throw: Throwing net      |       |       |       |     1 ||     1
 Cast: Magic Dart        |    12 |    19 |   159 |     9 ||   199
       Call Imp          |    10 |    20 |    17 |     1 ||    48
       Mephitic Cloud    |       |     6 |    18 |     5 ||    29
       Conjure Flame     |       |     1 |    19 |     7 ||    27
       Blink             |       |       |    16 |     3 ||    19
       Fireball          |       |       |    18 |    19 ||    37
       Shroud of Golubri |       |       |       |     2 ||     2
Invok: Divine Energy     |       |       |     1 |     1 ||     2
       Stop Divine Energ |       |       |     1 |     1 ||     2
  Use: Scroll            |       |     4 |    12 |     1 ||    17
       Potion            |       |       |     3 |     3 ||     6
 Stab: Sleeping          |     5 |    10 |     7 |       ||    22
       Confused          |       |     2 |     2 |       ||     4
       Paralysed         |       |     2 |       |       ||     2
  Eat: Chunk             |     2 |     8 |    19 |     6 ||    35
       Ration            |       |       |     1 |       ||     1
Armor: Skin              |     2 |     2 |    27 |     1 ||    32
Dodge: Dodged            |    47 |    68 |   167 |    12 ||   294
